Map: Para Site LE

Players

Lambo - Winner!

  • Race: Zerg Zerg
  • League: Grandmaster
  • Spawn Location: 5:00

Cham

  • Race: Zerg Zerg
  • League: Grandmaster
  • Spawn Location: 11:00

VOD

Have the link to the VOD?

Description

Time

  • Played on: Dec. 28, 2018, 1:44 p.m.
  • Length: 12:08
Show
View Real Time Build Order
Export as new Build Order

Lambo Zerg - Winner!

Build Orders: Hatch First 

Get SALT Encoding   

  12  0:00  Drone  
  13  0:12  Overlord  
  13  0:17  Drone  
  14  0:31  Drone  
  14  0:32  Drone  
  16  0:47  Hatchery  
  15  0:50  Drone  
  15  0:55  Drone  
  17  0:57  Drone  
  18  1:08  Extractor  
  17  1:12  Spawning Pool  
  17  1:16  Drone  
  17  1:19  Drone  
  18  1:28  Drone  
  19  1:41  Drone  
  20  1:52  Overlord  
  20  1:59  Queen x2  
  20  2:00  Zergling x4  
  26  2:09  Metabolic Boost  
  26  2:10  Drone  
  26  2:12  Drone  
  28  2:21  Drone  
  29  2:24  Drone  
  30  2:34  Hatchery  
  30  2:35  Drone  
  30  2:41  Drone  
  31  2:50  Baneling Nest, Drone  
  31  2:56  Zergling x2  
  31  2:57  Overlord  
  32  2:58  Drone  
  32  3:03  Drone  
  32  3:05  Zergling x2  
  35  3:08  Zergling x2  
  35  3:11  Overlord  
  36  3:15  Drone x3  
  36  3:17  Drone  
  36  3:19  Drone  
  40  3:29  Drone x2  
  40  3:31  Queen  
  44  3:35  Drone  
  44  3:38  Baneling x2  
  44  3:40  Drone x2  
  47  3:46  Evolution Chamber, Drone x2  
  47  3:47  Extractor x2  
  46  3:50  Drone x2  
  46  3:51  Drone  
  46  3:54  Drone  
  50  3:58  Overlord  
  50  4:00  Drone x2  
  51  4:10  Drone  
  51  4:11  Drone x4  
  51  4:15  Zerg Melee Weapons Level 1  
  56  4:19  Drone x3  
  56  4:23  Lair, Extractor  
  58  4:26  Drone  
  58  4:28  Drone x3  
  62  4:31  Overlord  
  62  4:38  Drone x2  
  64  4:42  Drone  
  64  4:44  Drone  
  66  4:46  Extractor  
  66  4:48  Extractor  
  66  4:50  Drone  
  65  4:53  Drone x2  
  65  4:57  Drone x3  
  70  5:04  Drone x2  
  70  5:06  Drone x2  
  73  5:07  Overlord  
  73  5:08  Overlord  
  73  5:10  Hatchery  
  72  5:18  Overlord  
  72  5:23  Zergling x4  
  72  5:24  Spire, Zergling x2  
  74  5:30  Zergling x18  
  83  5:40  Zergling x4  
  85  5:48  Zergling x12  
  89  5:54  Zergling x2  
  89  5:55  Zergling x10  
  93  5:59  Overlord  
  93  6:03  Zergling x4  
  94  6:05  Extractor  
  94  6:09  Extractor  
  91  6:32  Overlord x2  
  87  6:35  Mutalisk x13  
  109  6:42  Queen, Overlord  
  109  6:46  Overlord  
  110  6:47  Overlord  
  110  6:50  Zerg Flyer Weapons Level 1  
  110  6:51  Zerg Melee Weapons Level 2, Overseer  
  110  6:52  Mutalisk  
  110  6:53  Mutalisk x2  
  116  6:58  Drone x3  
  118  7:02  Mutalisk  
  118  7:06  Overlord  
  118  7:08  Extractor  
  119  7:09  Drone x2  
  119  7:12  Extractor  
  119  7:14  Zergling x10  
  124  7:16  Mutalisk  
  124  7:18  Queen  
  124  7:22  Mutalisk x2  
  130  7:30  Mutalisk x2  
  130  7:37  Mutalisk  
  132  7:39  Zergling x18  
  143  7:48  Mutalisk x2  
  145  7:52  Drone x3  
  145  7:55  Mutalisk  
  148  8:06  Mutalisk  
  148  8:10  Overlord  
  148  8:12  Mutalisk  
  150  8:13  Overlord  
  150  8:16  Overlord  
  150  8:19  Overlord  
  152  8:21  Overlord  
  152  8:25  Hatchery  
  151  8:30  Mutalisk x4  
  151  8:34  Mutalisk  
  159  8:40  Zergling x24  
  173  8:44  Mutalisk  
  175  8:50  Mutalisk x3  
  175  8:54  Zergling x4  
  183  8:58  Zerg Flyer Weapons Level 2  
  180  9:04  Mutalisk  
  180  9:13  Mutalisk  
  180  9:14  Mutalisk  
  183  9:18  Drone  
  183  9:21  Overlord  
  183  9:22  Extractor  
  183  9:27  Extractor  
  183  9:28  Mutalisk  
  184  9:38  Overlord x2  
  182  9:40  Mutalisk x4  
  190  9:46  Mutalisk x2  
  190  9:48  Zergling x6  
  190  9:52  Mutalisk x2  
  177  9:56  Zergling x2  
  177  9:57  Zergling x20  
  177  10:00  Mutalisk  
  169  10:07  Mutalisk x2  
  169  10:10  Mutalisk  
  175  10:19  Mutalisk  
  174  10:23  Mutalisk  
  169  10:29  Overlord, Drone x3  
  169  10:30  Drone x4  
  169  10:33  Mutalisk x2  
  179  10:39  Mutalisk x2  
  183  10:47  Mutalisk x2  
  187  10:51  Zergling x10  
  192  11:00  Mutalisk x2  
  192  11:03  Infestation Pit  
  186  11:11  Hatchery  
  186  11:13  Zergling x2  
  186  11:14  Zergling x22  
  186  11:15  Mutalisk  
  186  11:17  Zergling x2  
  173  11:24  Mutalisk x3  
  167  11:31  Mutalisk x3  
  163  11:40  Mutalisk x3  
  163  11:46  Zergling x12  
  169  11:56  Hatchery  
Show
View Real Time Build Order
Export as new Build Order

Cham Zerg 

Build Orders: Hatch First 

Get SALT Encoding   

  12  0:00  Drone  
  13  0:08  Drone  
  14  0:16  Overlord  
  14  0:35  Drone x2  
  16  0:47  Hatchery  
  15  0:52  Drone  
  15  0:55  Drone  
  17  0:59  Drone  
  17  1:02  Extractor  
  17  1:15  Spawning Pool  
  17  1:17  Drone  
  17  1:20  Drone  
  18  1:29  Drone  
  19  1:41  Overlord  
  19  1:51  Drone  
  20  1:59  Drone  
  21  2:03  Queen x2  
  21  2:06  Metabolic Boost  
  25  2:09  Zergling x2  
  25  2:11  Zergling x2  
  25  2:14  Drone  
  28  2:22  Drone  
  29  2:26  Drone  
  30  2:33  Zergling x2  
  31  2:38  Hatchery  
  31  2:43  Drone  
  31  2:44  Drone  
  32  2:50  Baneling Nest  
  31  2:55  Drone  
  31  2:57  Zergling x2  
  33  2:59  Overlord  
  33  3:05  Drone  
  34  3:08  Drone  
  35  3:13  Overlord  
  35  3:17  Drone  
  35  3:18  Drone x2  
  35  3:19  Drone  
  39  3:23  Drone x2  
  39  3:26  Drone  
  42  3:34  Baneling  
  42  3:35  Baneling, Drone  
  42  3:36  Drone  
  42  3:38  Queen  
  46  3:42  Overlord  
  46  3:46  Drone x2  
  48  3:49  Drone x2  
  48  3:53  Overlord  
  48  3:55  Drone  
  51  3:57  Drone x2  
  51  3:59  Drone  
  51  4:02  Overlord  
  54  4:04  Drone  
  54  4:08  Drone  
  54  4:09  Drone  
  56  4:11  Lair  
  56  4:15  Drone  
  56  4:16  Drone  
  58  4:19  Roach Warren  
  58  4:22  Extractor  
  58  4:23  Overlord  
  56  4:24  Extractor, Drone  
  56  4:27  Drone  
  56  4:30  Drone x3  
  60  4:31  Drone  
  60  4:33  Drone  
  60  4:34  Drone  
  60  4:36  Drone x2  
  65  4:40  Extractor  
  65  4:41  Drone x2  
  65  4:43  Evolution Chamber  
  65  4:48  Drone  
  65  4:49  Drone x3  
  65  4:50  Extractor  
  65  4:52  Extractor, Drone  
  68  4:56  Hatchery  
  67  5:00  Drone x3  
  67  5:02  Drone x2  
  67  5:03  Drone  
  73  5:07  Drone  
  73  5:09  Drone  
  73  5:10  Drone  
  73  5:11  Zerg Missile Weapons Level 1  
  73  5:12  Glial Reconstitution  
  76  5:16  Overlord, Roach  
  76  5:18  Roach  
  76  5:20  Overlord  
  80  5:22  Roach  
  80  5:24  Roach  
  80  5:26  Overlord  
  80  5:27  Roach  
  86  5:32  Roach x2  
  86  5:35  Roach x2  
  94  5:36  Overlord  
  94  5:39  Roach  
  94  5:41  Roach  
  98  5:44  Roach x2  
  98  5:49  Roach x2  
  104  5:57  Spire  
  104  6:01  Roach x4  
  104  6:02  Roach x2, Pneumatized Carapace  
  112  6:06  Roach x2  
  112  6:07  Roach  
  112  6:08  Roach x2  
  112  6:10  Roach x2  
  112  6:11  Roach  
  122  6:13  Roach  
  124  6:19  Ravager  
  124  6:20  Overlord, Ravager  
  124  6:22  Roach  
  126  6:28  Ravager  
  126  6:30  Overlord x2  
  126  6:32  Roach x3  
  128  6:33  Ravager  
  128  6:34  Roach x2  
  128  6:41  Spore Crawler  
  128  6:46  Spore Crawler  
  126  6:47  Spore Crawler  
  126  6:48  Drone  
  126  6:49  Drone x2  
  128  7:06  Spore Crawler  
  128  7:08  Corruptor x8  
  127  7:15  Corruptor  
  143  7:18  Drone x7  
  143  7:20  Extractor  
  143  7:21  Spore Crawler  
  150  7:25  Overlord x2  
  146  7:35  Queen  
  146  7:36  Overlord x3  
  143  7:47  Corruptor x3  
  143  7:48  Corruptor  
  147  7:53  Zerg Missile Weapons Level 2  
  147  7:57  Spore Crawler  
  146  8:02  Spore Crawler, Corruptor x2  
  146  8:05  Zerg Flyer Weapons Level 1  
  149  8:07  Corruptor  
  151  8:15  Corruptor  
  151  8:17  Overlord  
  151  8:18  Overlord  
  151  8:19  Overlord  
  153  8:22  Overlord  
  153  8:31  Overlord  
  153  8:32  Overlord  
  153  8:34  Overlord  
  153  8:35  Overlord x2  
  153  8:39  Corruptor x2  
  157  8:44  Overlord, Corruptor  
  157  8:47  Corruptor  
  161  8:54  Corruptor x2  
  165  9:06  Corruptor x3  
  171  9:10  Corruptor  
  171  9:15  Corruptor  
  171  9:16  Corruptor  
  177  9:21  Corruptor  
  179  9:26  Roach x3  
  179  9:29  Roach  
  179  9:30  Roach  
  187  9:39  Roach x4  
  187  9:40  Roach  
  187  9:41  Roach  
  159  10:00  Corruptor x4  
  161  10:07  Corruptor x2  
  161  10:12  Drone x4  
  161  10:13  Drone  
  164  10:16  Extractor  
  164  10:19  Spore Crawler  
  147  10:22  Corruptor x2  
  138  10:29  Drone  
  138  10:30  Drone x3  
  142  10:40  Roach x4  
  150  10:49  Corruptor  
  147  10:51  Corruptor  
  147  10:55  Extractor, Drone x3  
  147  10:56  Drone x2  
  155  11:00  Corruptor  
  153  11:15  Corruptor x3  
  145  11:20  Corruptor  
  137  11:28  Corruptor  
  137  11:29  Corruptor  
  129  11:33  Spore Crawler x2, Corruptor  
  129  11:35  Spore Crawler x2  
  118  11:41  Roach x4  
  118  11:42  Roach  
  114  11:47  Spore Crawler  
  114  11:48  Spore Crawler  
  114  11:49  Spore Crawler  
Tags
 
Add a new tag
Caveats
  • Supply blocks, unpowered buildings, or Contaminate may cause inaccurate times.
  • Supply counts are checked every 10 seconds.